 Dungeon Crawl Stone Soup version 0.28.0-53-g5a82cb258f (webtiles) character file.

Game seed: 7114997539120339149

453 Peloso the Covered (level 6, 56/56 HPs)
             Began as a Minotaur Fighter on June 20, 2022.
             Got out of the dungeon alive.
             The game lasted 00:08:03 (4526 turns).

Peloso the Covered (Minotaur Fighter)               Turns: 4526, Time: 00:08:04

Health: 56/56      AC: 11    Str: 21    XL:     6   Next: 75%
Magic:  5/5        EV:  7    Int:  5    God:
Gold:   256        SH:  5    Dex: 11    Spells: 5/5 levels left

rFire   . . .      SeeInvis .   a - +1 long sword
rCold   . . .      Faith    .   c - +0 buckler
rNeg    . . .      Spirit   .   r - +0 chain mail
rPois   .          Reflect  .   (helmet restricted)
rElec   .          Harm     .   (no cloak)
rCorr   .          Rampage  .   j - +0 pair of gloves
Will    .....                   (no boots)
Stlth   ..........              (no amulet)
HPRegen 0.18/turn               (no ring)
MPRegen 0.09/turn               (no ring)

@: no status effects
A: horns 2, retaliatory headbutt
a: no special abilities


You escaped.
You visited 1 branch of the dungeon, and saw 4 of its levels.
You also visited: Sewer.

You collected 256 gold pieces.

Inventory:

Hand Weapons
 a - a +1 long sword (weapon)
 b - the +7 spear "Plog" {venom, +Blink rC- Str+2 Dex+2}
   (You found it on level 3 of the Dungeon)

   It poisons the flesh of those it strikes.
   Str:       It affects your strength (+2).
   Dex:       It affects your dexterity (+2).
   rC:        It makes you vulnerable to cold.
   +Blink:    It lets you blink.
Armour
 c - a +0 buckler (worn)
 j - a +0 pair of gloves (worn)
 p - a +0 scale mail
 r - a +0 chain mail (worn)
Scrolls
 e - a scroll of identify
 l - a scroll of holy word
 m - a scroll of fog
Potions
 d - 3 potions of might
 f - 2 potions of curing
 o - 2 potions of flight
 q - a potion of berserk rage


   Skills:
 + Level 5.2 Fighting
 + Level 5.3 Long Blades
 + Level 5.5 Armour
 + Level 1.3 Dodging
 + Level 0.8 Stealth
 + Level 4.8 Shields


You had 5 spell levels left.
You didn't know any spells.
Your spell library contained the following spells:

 Spells                   Type           Power      Damage    Failure   Level
 Beastly Appendage        Tmut           0%         N/A       99%         1
 Wereblood                Tmut           0%         N/A       100%        2
 Spider Form              Tmut/Pois      0%         N/A       100%        3


Dungeon Overview and Level Annotations

Branches:
Dungeon (4/15)              Sewer (visited)
 Temple: D:4-7

Altars:
Elyvilon
Fedhas
Ru

Shops:
D:2 :   D:3 !

Annotations:
D:2 1 runed translucent door, Crazy Yiuf


Innate Abilities, Weirdness & Mutations

You have a pair of horns on your head.
You reflexively headbutt those who attack you in melee.


Message History

You hit the hobgoblin.
The hobgoblin is heavily wounded.
The hobgoblin hits you but does no damage.
You barely miss the hobgoblin.
The hobgoblin is heavily wounded.
You block the hobgoblin's attack.
You hit the hobgoblin.
You kill the hobgoblin!
Found a stone staircase leading down.
There is a stone staircase leading down here.
You now have 232 gold pieces (gained 10).
You now have 245 gold pieces (gained 13).
You now have 256 gold pieces (gained 11).
Found a dagger.
Done exploring.
Done exploring.
Done exploring.
Done exploring.
(D) Dungeon
Where to? (Enter - D:12, ? - help)
What level of the Dungeon? (default 1, ? - help)
You see here a +0 giant club.
You see here a +0 club.
There is a stone staircase leading up here.
You climb upwards.
There is a stone staircase leading down here.
There is a stone staircase leading up here.
You climb upwards.
Level annotation: 1 runed translucent door, Crazy Yiuf
There is a stone staircase leading down here.
There is a stone staircase leading up here.
You climb upwards.
There is a stone staircase leading down here.
You see here a +0 ring mail.
There is a staircase leading out of the dungeon here.
As you read the scroll labelled DONKAM QAOWN, it crumbles to dust.
It is a scroll of amnesia.
You feel forgetful for a moment.
Are you sure you want to leave the Dungeon?
This will make you lose the game!
You have escaped!

### ..### ### #####
#...#####.## ##...##
###...##...###.....#
# ##............@..#
# ##..######.#...##
# ##'# ####### ##
#'## .#######
..#....## .....##.#
#####
#...###.####...##
#..##.#..##..⌠..#


There were no monsters in sight!

Vanquished Creatures
  Pargi (Sewer)
  An ogre (D:4)
  3 orc wizards (D:3)
  3 gnolls (D:2)
  3 adders (D:2)
  2 river rats (D:3)
  An ufetubus (D:4)
  4 worms
  4 dart slugs
  2 orcs (D:3)
  8 ball pythons
  12 bats
  7 endoplasms
  2 giant cockroaches
  6 goblins
  4 hobgoblins
  8 jackals
  15 kobolds
  5 quokkas
  A quokka skeleton (D:4)
  7 rats
99 creatures vanquished.

Notes
Turn   | Place    | Note
-------+----------+-------------------------------------------
     0 | D:1      | Peloso the Minotaur Fighter began the quest for the Orb.
     0 | D:1      | Reached XP level 1. HP: 19/19 MP: 0/0
   155 | D:1      | Reached XP level 2. HP: 13/27 MP: 1/1
   734 | D:1      | Reached XP level 3. HP: 33/33 MP: 2/2
  1310 | D:2      | Reached XP level 4. HP: 8/41 MP: 3/3
  1862 | D:2      | Found Sinettuq's Book Emporium.
  1917 | D:2      | Found a sacrificial altar of Ru.
  2121 | D:2      | Found a runed translucent door.
  2122 | D:2      | Noticed Crazy Yiuf
  2552 | D:3      | Identified the +7 spear "Plog" {venom, +Blink rC- Str+2
                  | Dex+2}
  2659 | D:3      | Found a glowing drain.
  2678 | D:3      | Reached XP level 5. HP: 40/47 MP: 4/4
  2711 | Sewer    | Entered a sewer
  2721 | Sewer    | Reached skill level 5 in Armour
  2755 | Sewer    | Noticed Pargi
  2771 | Sewer    | Killed Pargi
  3040 | D:3      | Reached skill level 1 in Dodging
  3040 | D:3      | Reached XP level 6. HP: 27/55 MP: 5/5
  3046 | D:3      | Reached skill level 5 in Fighting
  3473 | D:3      | Found Funed's Distillery.
  3795 | D:4      | Found a white marble altar of Elyvilon.
  3826 | D:4      | Reached skill level 5 in Long Blades
  4145 | D:4      | Found a blossoming altar of Fedhas.
  4526 | D:$      | Got out of the dungeon alive.

Illustrated notes

Levels and vault maps discovered:
D:1:      dpeg_cavernosity, layout_loops_ring
D:2:      layout_loops_ring, basic_altar, serial_shops,
          nicolae_shop_hallway_stairs, uniq_crazy_yiuf_cottage
D:3:      layout_basic, serial_shops, nicolae_shop_crystal, portal_sewer_entry_a
D:4:      layout_rooms, mainiacjoe_overflow_brackets,
          mainiacjoe_overflow_concentric_impassable, corexii_corridor_pit

Skill      XL: |  1  2  3  4  5  6 |
---------------+-------------------+-----
Fighting       | 4 5 |  5.2
Armour         | 4 5 |  5.5
Shields        | 4 |  4.8
Long Blades    | 3 4 5 |  5.3
Dodging        | 1 |  1.3
Stealth        | |  0.8

Action                   |  1- 3 |  4- 6 || total
-------------------------+-------+-------++-------
Melee: Long sword        |    62 |   156 ||   218
       Headbutt          |    11 |    23 ||    34
  Use: Potion            |     1 |       ||     1
       Scroll            |       |    12 ||    12
Armor: Scale mail        |    25 |    38 ||    63
       Chain mail        |       |    64 ||    64
Dodge: Dodged            |    39 |    73 ||   112
Block: Buckler           |    13 |    37 ||    50
